 Dungeon Sprint DCSS version 0.30-a0-4-ga7cffc901d (webtiles) character file.

Game seed: 9452939222435569931

18 mhtbhm the Covert (level 2, -2/15 HPs)
             Began as a Spriggan Brigand on Aug 21, 2022.
             Slain by a human (4 damage)
             ... in the Dungeon (Sprint III: "The Ten Rune Challenge").
             The game lasted 00:00:22 (161 turns).

mhtbhm the Covert (Spriggan Brigand)                 Turns: 161, Time: 00:00:22

Health: -2/15      AC:  3    Str:  7    XL:     2   Next: 48%
Magic:  3/3        EV: 16    Int: 12    God:
Gold:   0          SH:  0    Dex: 16    Spells: 1/1 levels left

rFire   . . .      SeeInvis +    a - +2 dagger
rCold   . . .      Faith    .    (no shield)
rNeg    . . .      Spirit   .    b - +0 robe
rPois   .          Reflect  .    (helmet restricted)
rElec   .          Harm     .    c - +0 cloak
rCorr   .          Rampage  .    (gloves unavailable)
Will    .....      NoTele   +    (boots unavailable)
Stlth   ++++......               (no amulet)
HPRegen 0.05/turn                (no ring)
MPRegen 0.08/turn                (no ring)

@: very quick
A: very small, no large weapons, unfitting armour, see invisible, speed 3
a: no special abilities


You were in the Dungeon.
You visited 1 branch

Inventory:

Hand Weapons
 a - a +2 dagger (weapon)
Missiles
 d - 6 poisoned darts (quivered)
 e - a curare-tipped dart
Armour
 b - a +0 robe (worn)
 c - a +0 cloak (worn)
Scrolls
 k - a scroll of blinking
 l - a scroll of enchant weapon {unknown}
Potions
 f - a potion of curing
 g - a potion of heal wounds
 h - a potion of haste
 i - 2 potions of magic
 j - a potion of berserk rage


   Skills:
 + Level 1.8 Fighting
 + Level 2.6 Short Blades
 + Level 2.3 Throwing
 + Level 1.4 Dodging
 + Level 9.3 Stealth


You had one spell level left.
You didn't know any spells.
Your spell library was empty.

Dungeon Overview and Level Annotations

Branches:
Dungeon (1/1)

Altars:


Innate Abilities, Weirdness & Mutations

You are very small and have problems with some larger weapons.
You are too small for most types of armour.
You have supernaturally acute eyesight. (SInv)
You cover ground extremely quickly. (Speed+++)


Message History

You throw a poisoned dart. The poisoned dart hits the human.
The human is severely wounded.
Unknown command.
You hit the human but do no damage.
The human is severely wounded.
The human misses you.
Throw: 8 darts (poison)
Press: ? - help, Q - select action, (/) - cycle Shift-Dir - straight line, f/p - human
Aim: a human (severely wounded, 50% to hit)
You throw a poisoned dart. The poisoned dart hits the human.
The human is severely wounded.
The human completely misses you.
You miss the human.
The human is severely wounded.
The human completely misses you.
Throw: 7 darts (poison)
Press: ? - help, Q - select action, (/) - cycle Shift-Dir - straight line, f/p - human
Aim: a human (severely wounded, 50% to hit)
You throw a poisoned dart. The poisoned dart hits the human.
The human is poisoned.
The human is severely wounded.
The human hits you.
You hit the human.
The human is severely wounded.
The human completely misses you.
You hit the human but do no damage.
The human is severely wounded.
The human hits you!
Ouch! That really hurt!
* * * LOW HITPOINT WARNING * * *
You barely miss the human.
The human is almost dead.
The human hits you.
* * * LOW HITPOINT WARNING * * *
You hit the human.
The human is almost dead.
You hit the human.
The human is almost dead.
The human hits you.
You die...

▓...#......##
▓..##.....†.# ..#
▓##.##.##...# ..#
##.##.###..# #..#
▓#.####.##..# ...+
▓.###..##..####...#
▓#.....##..###(...#
###..##...##.(...#
##..##....#@p....#
#..###..##.#.....#
#..# #..#####....#
▓▓▓▓ ▓▓▓▓ ▓▓▓▓▓▓


You could see a human (poisoned).

Vanquished Creatures
  A wolf (D)
  2 endoplasms (D)
  2 rats (D)
5 creatures vanquished.

Notes
Turn   | Place    | Note
-------+----------+-------------------------------------------
     0 | D        | mhtbhm the Spriggan Brigand began the quest for the Orb.
     0 | D        | Reached XP level 1. HP: 10/10 MP: 2/2
    10 | D        | Reached skill level 6 in Stealth
    12 | D        | Reached skill level 7 in Stealth
    39 | D        | Noticed a wolf
    42 | D        | Killed a wolf
    43 | D        | Reached skill level 9 in Stealth
    43 | D        | Reached XP level 2. HP: 15/15 MP: 3/3
   161 | D        | Slain by a human

Illustrated notes

Levels and vault maps discovered:
D:        dungeon_sprint_mu [sprint_mu_entry_cave, sprint_mu_temple_rooms,
          sprint_mu_d1_spiders, sprint_mu_d2_genie, sprint_mu_d3_branching,
          sprint_mu_orc_legion, sprint_mu_elf_gauntlet, sprint_mu_hive_nellie,
          sprint_mu_lair_fedhas, sprint_mu_vaults_butterflies,
          sprint_mu_slime_circle, sprint_mu_shoals_archi,
          sprint_mu_snake_twists, sprint_mu_blade_basic,
          sprint_mu_crypt_fortress, sprint_mu_tomb_spiral,
          sprint_mu_vestibule_basic, sprint_mu_gehenna_hellfire,
          sprint_mu_dis_giant, sprint_mu_tartarus_statrot,
          sprint_mu_cocytus_islands, sprint_mu_zot1]

Skill      XL: |  1 |
---------------+----+-----
Stealth        | 9 |  9.3
Fighting       | |  1.8
Short Blades   | |  2.6
Throwing       | |  2.3
Dodging        | |  1.4

Action                   || total
-------------------------++-------
Melee: Dagger            ||    12
Throw: Dart              ||     5
 Stab: Sleeping          ||     4
Dodge: Dodged            ||     4

Table legend: (Time is in decaauts)
 A = Elapsed time spent in this place.
 B = Non-inter-level travel time spent in this place.
 C = Inter-level travel time spent in this place.
 D = Time resting spent in this place.
 E = Time spent auto-exploring this place.
 F = Levels seen in this place.
 G = Mean time per level.
                   A        B        C        D        E       F      G
               +--------+--------+--------+--------+--------+-----+--------+
         Total |    139 |    139 |      0 |     95 |     11 |   1 |  139.0 |
       Dungeon |    139 |    139 |      0 |     95 |     11 |   1 |  139.0 |
               +--------+--------+--------+--------+--------+-----+--------+

Top non-repeatable levels by time:
       D: 139 daAuts
